 Dungeon Crawl Stone Soup version 0.31-a0-1104-g3bd3108 (webtiles) character file.

Game seed: 11678581487681122439

30597 Loclan the Priest (level 13, -1/104 HPs)
             Began as a Hill Orc Reaver on Dec 2, 2023.
             Was a Believer of Beogh.
             Slain by a death yak (12 damage)
             ... on level 1 of the Lair of Beasts.
             The game lasted 02:14:36 (21276 turns).

Loclan the Priest (Hill Orc Reaver)                Turns: 21276, Time: 02:14:37

Health: -1/104     AC: 14    Str: 26    XL:     13   Next: 52%
Magic:  16/16      EV: 12    Int: 17    God:    Beogh [**....]
Gold:   1057       SH:  6    Dex: 15    Spells: 9/19 levels left

rFire   . . .        N - +1 war axe (venom)
rCold   + . .        T - +0 buckler
rNeg    + . .        P - +4 ring mail of the Dozen Knaves {rPois rC+ Will- Slay+6}
rPois   +            X - +2 hat "Terchoxi" {rN+ MP-9 Str+4}
rElec   .            Z - +0 cloak
rCorr   .            (no gloves)
SInv    .            r - +0 pair of boots
Will    .....        G - amulet of faith
Stlth   ++           U - +6 ring of strength
HPRegen 0.37/turn    K - +6 ring of dexterity
MPRegen 0.15/turn

%: faith
@: no status effects
A: no striking features
a: Renounce Religion, Smiting


You were on level 1 of the Lair of Beasts.
You worshipped Beogh.
Beogh was pleased with you.
You visited 2 branches of the dungeon, and saw 16 of its levels.

You collected 1057 gold pieces.

Inventory:

Hand Weapons
 s - a +3 morningstar
 I - a +3 battleaxe
 N - a +1 war axe of venom (weapon)
 S - a +3 glaive
Missiles
 d - 18 boomerangs (quivered)
 h - 4 curare-tipped darts
 n - 2 throwing nets
 t - 28 poisoned darts
Armour
 b - a +2 leather armour of cold resistance
 r - a +0 pair of boots (worn)
 P - the +4 ring mail of the Dozen Knaves (worn) {rPois rC+ Will- Slay+6}
   (You found it on level 8 of the Dungeon)

   Slay+6:    It affects your accuracy & damage with ranged weapons and melee
   (+6).
   rC+:       It protects you from cold.
   rPois:     It protects you from poison Will-: It decreases your willpower.
 T - a +0 buckler (worn)
 X - the +2 hat "Terchoxi" (worn) {rN+ MP-9 Str+4}
   (You found it on level 10 of the Dungeon)

   Str+4:     It affects your strength (+4).
   rN+:       It protects you from negative energy.
   MP-9:      It affects your magic capacity (-9).
 Z - a +0 cloak (worn)
Jewellery
 i - a +6 ring of intelligence
 j - a ring of resist corrosion
 u - a ring of wizardry
 D - a ring of magical power
 G - an amulet of faith (around neck)
 K - a +6 ring of dexterity (right hand)
 U - a +6 ring of strength (left hand)
Wands
 w - a wand of flame (78)
 O - a wand of mindburst (17)
 Q - a wand of light (15)
 V - a wand of roots (10)
 W - a wand of paralysis (13)
Scrolls
 c - 2 scrolls of identify
 e - 3 scrolls of immolation
 k - 2 scrolls of brand weapon {unknown}
 p - 2 scrolls of poison {unknown}
 q - 7 scrolls of teleportation
 v - 3 scrolls of fog {unknown}
 y - 3 scrolls of vulnerability {unknown}
 B - 3 scrolls of amnesia
 C - a scroll of blinking
 F - 2 scrolls of silence {unknown}
 H - 7 scrolls of revelation
 L - a scroll of summoning {unknown}
 R - 2 scrolls of enchant weapon {unknown}
 Y - a scroll of torment {unknown}
Potions
 a - a potion of enlightenment {unknown}
 f - 2 potions of haste
 g - 3 potions of lignification
 l - 2 potions of invisibility {unknown}
 m - 2 potions of magic {unknown}
 o - 3 potions of might
 z - a potion of degeneration {unknown}
 A - 2 potions of mutation {unknown}
 E - 8 potions of curing
 J - a potion of brilliance {unknown}
 M - a potion of resistance {unknown}
Miscellaneous
 x - a lightning rod (4/4)


   Skills:
 + Level 6.8 Fighting
 - Level 16.0 Axes
 - Level 3.4 Throwing
 + Level 5.6 Armour
 + Level 4.4 Dodging
 - Level 2.8 Stealth
 + Level 8.1 Shields
 - Level 3.9 Spellcasting
 - Level 3.1 Conjurations
 - Level 4.5 Hexes
 * Level 16.3 Invocations


You had 9 spell levels left.
You knew the following spells:

 Your Spells              Type           Power      Damage    Failure   Level
a - Kiss of Death         Conj/Necr      32%        2d7       14%         1
b - Slow                  Hex            72%        N/A       4%          1
c - Confusing Touch       Hex            18%        N/A       12%         3
d - Sigil of Binding      Hex            18%        N/A       12%         3
e - Blink                 Tloc           6%         N/A       38%         2

Your spell library contained the following spells:

 Spells                   Type           Power      Damage    Failure   Level
 Magic Dart               Conj           56%        1d5       8%          1
 Searing Ray              Conj           28%        2d5       11%         2
 Tukima's Dance           Hex            18%        N/A       12%         3
 Momentum Strike          Conj/Tloc      16%        3d8       22%         2
 Apportation              Tloc           6%         N/A       26%         1
 Necrotise                Necr           12%        1d4       26%         1
 Summon Small Mammal      Summ           12%        N/A       26%         1
 Lesser Beckoning         Tloc           6%         N/A       38%         2
 Hailstorm                Conj/Ice       8%         3d4       38%         3
 Fulminant Prism          Conj/Hex       8%         3d7       47%         4
 Ignite Poison            Fire/Tmut/Pois 3%         N/A       63%         3
 Vampiric Draining        Necr           3%         2d6       63%         3
 Dimensional Bullseye     Hex/Tloc       5%         N/A       71%         4
 Iskenderun's Mystic Bla  Conj/Tloc      8%         2d4       80%         4
 Sticky Flame             Conj/Fire      8%         2d3       80%         4
 Ignition                 Fire           1%         3d3       100%        8


Dungeon Overview and Level Annotations

Branches:
Dungeon (15/15)            Temple (0/1) D:6            Lair (1/5) D:11
    Orc (0/2) D:9          Vaults (0/5) D:13         Depths (0/4) D:15

Altars:
Ashenzari
Cheibriados
Elyvilon
Fedhas
Kikubaaqudgha
Makhleb
Nemelex Xobeh
Okawaru
Qazlal
Ru
Trog
Uskayaw
Vehumet
Wu Jian
Yredelemnul
Zin
The Shining One

Shops:
D:4 [   D:7 *

Portals:
Trove: D:10 (give 14 potions of heal wounds)

Annotations:
D:12 2 transporters, december12's ghost, journeyman BaBe


Message History

You slash the death yak!
The death yak looks as sick as possible!
The death yak gores you. The death yak gores you!
The death yak closely misses you.
You completely miss the death yak.
The death yak is severely wounded.
You hit the death yak but do no damage.
The death yak looks as sick as possible!
You hit the death yak.
The death yak looks as sick as possible!
The death yak gores you! The death yak gores you!! x2
* * * LOW HITPOINT WARNING * * *
The death yak attacks as it pursues you!
The death yak gores you.
* * * LOW HITPOINT WARNING * * *
The death yak attacks as it pursues you!
The death yak gores you!!
* * * LOW HITPOINT WARNING * * *
Blink to where?
Press: ? - help, Dir - move target, p - death yak
As you read the scroll of blinking, it crumbles to dust.
Throw: 18 boomerangs
Press: ? - help, Q - select action, (/) - cycle Shift-Dir - straight line, f - death yak
Aim: a death yak (82% to hit)
You throw a boomerang. The boomerang hits the death yak!
The death yak is lightly wounded.
Found 8 stones. 2 yaks come into view.
The yak bellows!
A yak comes into view.
The death yak snorts and paws the ground.
Found 6 javelins.
A yak comes into view.
The yak bellows!
You hear a croak.
Found 26 gold pieces.
Found 9 gold pieces.
You hear an angry hiss.
The death yak attacks as it pursues you!
The death yak gores you!
You die...

#PP##.##.####.YP#..#####.
.........?YYYY....(..... .
#.........#####......#
#..####........####.......#
..................Y$.....(..
####..<....###..#.#.P.....
............................
.....##.P.....Y..#.##.#.##.#
.... ........@........... .
... ....#.P..##...##.###.#
.. .................... .. #
#..##.P..##..#.##.# # ...
...... .. .. ... #.#P .. ...
P# . . ...$ ##


You could see 2 death yaks.

Vanquished Creatures
  Snorg (D:14)
  8 vault guards (D:13)
  A hydra (D:14)
  2 centaur warriors
  A death knight (D:14)
  A boulder beetle (D:13)
  A two-headed ogre (D:12)
  A death yak (D:11)
  A deep troll earth mage (D:15)
  A tengu warrior (D:14)
  A sixfirhy (D:12)
  3 cyclopes
  5 ugly things
  4 manticores
  Joseph (D:9)
  A rust devil (D:12)
  A smoke demon (D:12)
  An unseen horror (D:12)
  A yaktaur (D:14)
  6 kobold demonologists
  A tengu conjurer (D:14)
  A red devil (D:12)
  2 trolls
  3 hellwings (D:12)
  A blink frog (shapeshifter) (D:14)
  A centaur simulacrum (D:14)
  2 shadows
  23 yaks
  A wraith (D:13)
  2 basilisks (D:15)
  A fire bat (shapeshifter) (D:14)
  2 steam dragons (D:10)
  A wyvern (D:9)
  A chaos spawn (D:12)
  A neqoxec (D:12)
  A vampire mosquito (D:15)
  An acid dragon (D:11)
  A meliai simulacrum (D:15)
  An ice beast (D:7)
  4 sky beasts
  A black bear (D:6)
  An ogre (D:6)
  10 centaurs
  3 phantoms
  2 kobold brigands
  5 bullfrogs
  2 scorpions
  2 gnoll sergeants
  14 killer bees
  5 electric eels (D:11)
  7 howler monkeys
  2 quasits (D:12)
  A gnoll bouda (D:8)
  7 hounds
  A jelly (D:5)
  4 orc priests
  3 iguanas
  A sleepcap (D:6)
  Ijyb (D:3)
  11 orc wizards
  16 gnolls
  A gnoll (shapeshifter) (D:13)
  8 adders
  2 shadow imps
  2 white imps (D:6)
  4 ufetubi (D:6)
  3 dart slugs
  2 worms
  30 orcs
  9 ball pythons
  6 bats
  12 endoplasms
  4 giant cockroaches
  7 goblins
  7 hobgoblins
  3 jackals (D:5)
  19 kobolds
  4 quokkas
  4 frilled lizards
  9 rats
328 creatures vanquished.

Vanquished Creatures (collateral kills)
  A black mamba (shapeshifter) (D:14)
  A kobold demonologist (D:13)
  2 kobold brigands (D:13)
  A kobold (D:13)
5 creatures vanquished.

Vanquished Creatures (others)
  An orc sorcerer (D:14)
  An orc priest (D:14)
  An orc knight (D:14)
  2 orc warriors
5 creatures vanquished.

Grand Total: 338 creatures vanquished

Notes
Turn   | Place    | Note
-------+----------+-------------------------------------------
     0 | D:1      | Loclan the Hill Orc Reaver began the quest for the Orb.
     0 | D:1      | Reached XP level 1. HP: 18/18 MP: 3/3
   268 | D:1      | Learned a level 1 spell: Slow
   375 | D:1      | Reached XP level 2. HP: 25/25 MP: 4/4
   397 | D:1      | Found a faded altar of an unknown god.
  1074 | D:2      | Reached XP level 3. HP: 30/30 MP: 5/5
  1213 | D:2      | Reached skill level 1 in Hexes
  1435 | D:2      | Reached skill level 1 in Armour
  1916 | D:2      | Reached XP level 4. HP: 20/37 MP: 4/6
  2138 | D:3      | Found an iron altar of Okawaru.
  2143 | D:3      | Found a stormy altar of Qazlal.
  2148 | D:3      | Found a sacrificial altar of Ru.
  2385 | D:3      | Noticed Ijyb
  2412 | D:3      | Killed Ijyb
  2413 | D:3      | Reached skill level 1 in Stealth
  2413 | D:3      | Reached XP level 5. HP: 5/45 MP: 1/8
  2626 | D:3      | Found a white marble altar of Elyvilon.
  2691 | D:3      | Found a radiant altar of Vehumet.
  2754 | D:3      | Reached skill level 1 in Throwing
  3154 | D:3      | Learned a level 3 spell: Confusing Touch
  3199 | D:3      | Reached skill level 5 in Axes
  3377 | D:4      | Reached XP level 6. HP: 51/51 MP: 2/9
  3653 | D:4      | Learned a level 3 spell: Sigil of Binding
  3792 | D:4      | Reached XP level 7. HP: 44/57 MP: 10/10
  3908 | D:4      | Found Lonu's Armour Shop.
  4071 | D:4      | Found a hide-covered altar of Uskayaw.
  4217 | D:4      | Found an ornate altar of the Wu Jian Council.
  4287 | D:5      | Entered Level 5 of the Dungeon
  5341 | D:5      | Reached XP level 8. HP: 66/66 MP: 10/12
  5367 | D:5      | Became a worshipper of Beogh the Brigand
  6404 | D:6      | Found a snail-covered altar of Cheibriados.
  6503 | D:6      | Found a staircase to the Ecumenical Temple.
  6689 | D:6      | Reached skill level 1 in Invocations
  7447 | D:6      | Reached XP level 9. HP: 62/72 MP: 12/14
  7450 | D:6      | Learned a level 2 spell: Blink
  7538 | D:7      | Reached * piety under Beogh
  7617 | D:7      | Found Ehiraynn's Mail-Order Catalogue.
  8216 | D:7      | Found a basalt altar of Yredelemnul.
  8418 | D:7      | Found a burning altar of Makhleb.
  8953 | D:8      | Found a blossoming altar of Fedhas.
  8977 | D:8      | Found a glowing golden altar of the Shining One.
  8988 | D:8      | Found a glowing silver altar of Zin.
  9026 | D:8      | Identified the +4 ring mail of the Dozen Knaves {rPois rC+
                  | Will- Slay+6}
  9223 | D:8      | Reached skill level 5 in Invocations
  9236 | D:7      | Reached ** piety under Beogh
  9818 | D:8      | Found a sparkling altar of Nemelex Xobeh.
  9998 | D:9      | Found a staircase to the Orcish Mines.
 10136 | D:9      | Reached XP level 10. HP: 80/80 MP: 9/15
 10154 | D:9      | Reached skill level 10 in Axes
 11128 | D:9      | Found an ancient bone altar of Kikubaaqudgha.
 11448 | D:9      | Noticed Joseph
 11456 | D:9      | Killed Joseph
 11457 | D:9      | Reached skill level 1 in Shields
 11527 | D:10     | Entered Level 10 of the Dungeon
 11560 | D:10     | Found a bloodstained altar of Trog.
 11693 | D:10     | Reached *** piety under Beogh
 11694 | D:10     | Reached skill level 10 in Invocations
 11738 | D:10     | Noticed a kobold demonologist
 11738 | D:10     | Noticed a kobold demonologist
 12225 | D:11     | Noticed a manticore
 12243 | D:11     | Killed a manticore
 12431 | D:11     | Reached XP level 11. HP: 58/85 MP: 17/19
 12555 | D:11     | Noticed a manticore
 12961 | D:10     | Noticed a soul eater
 12996 | D:10     | Identified the +2 hat "Terchoxi" {rN+ MP-9 Str+4}
 13058 | D:10     | Found a portal to a secret trove of treasure.
 13196 | D:11     | Found a staircase to the Lair.
 13436 | D:11     | Killed a manticore
 14033 | Lair:1   | Entered Level 1 of the Lair of Beasts
 14034 | Lair:1   | Noticed a death yak
 14034 | Lair:1   | Noticed a death yak
 14289 | D:12     | Noticed a two-headed ogre
 14299 | D:12     | Killed a two-headed ogre
 14411 | D:12     | Noticed a sixfirhy
 14928 | D:12     | Noticed a brown ugly thing
 14947 | D:12     | Killed a brown ugly thing
 14948 | D:12     | Reached skill level 5 in Shields
 15276 | D:12     | Found a transporter.
 15276 | D:12     | Noticed december12's ghost (journeyman BaBe)
 15447 | D:12     | Killed a sixfirhy
 15448 | D:12     | Reached XP level 12. HP: 92/93 MP: 5/21
 15949 | D:12     | Found a transporter.
 16113 | D:13     | Reached skill level 15 in Axes
 16380 | D:13     | Noticed a boulder beetle
 16381 | D:13     | Noticed a vault guard
 16381 | D:13     | Noticed a vault guard
 16381 | D:13     | Noticed a vault guard
 16455 | D:13     | Killed a vault guard
 16694 | D:13     | Noticed a vault guard
 16726 | D:13     | Killed a vault guard
 16815 | D:13     | Killed a vault guard
 16957 | D:13     | Noticed a vault guard
 16975 | D:13     | Killed a vault guard
 17113 | D:13     | Noticed a vault guard
 17128 | D:13     | Killed a vault guard
 17396 | D:13     | Noticed a vault guard
 17408 | D:13     | Killed a vault guard
 17455 | D:13     | Found a gate to the Vaults.
 17462 | D:13     | Noticed a vault guard
 17473 | D:13     | Killed a vault guard
 17569 | D:13     | Noticed a centaur warrior
 17576 | D:13     | Killed a centaur warrior
 17577 | D:13     | Reached skill level 5 in Fighting
 17604 | D:13     | Killed a vault guard
 17605 | D:13     | Reached skill level 15 in Invocations
 17703 | D:13     | Killed a boulder beetle
 18060 | D:14     | Reached XP level 13. HP: 101/101 MP: 10/24
 18080 | D:14     | Reached **** piety under Beogh
 18369 | D:14     | Noticed Snorg
 18382 | D:14     | Killed Snorg
 18388 | D:14     | HP: 5/102 [black mamba (shapeshifter) (12)]
 19219 | D:14     | Reached skill level 5 in Armour
 19908 | D:15     | Entered Level 15 of the Dungeon
 20120 | D:15     | Found a broken altar of Ashenzari.
 20774 | D:15     | Found a staircase to the Depths.
 21276 | Lair:1   | Slain by a death yak

Illustrated notes

Levels and vault maps discovered:
D:1:      dpeg_arrival_rhombus, layout_basic,
          chequers_ecumenical_altar_simple_redux
D:2:      layout_loops_ring, minmay_cupped
D:3:      layout_basic, elyvilon_altar_3, grunt_temple_overflow_open, uniq_ijyb
D:4:      cheibrodos_barr_body, layout_rooms, lemuel_round_altar,
          nicolae_wu_jian_glorious_leap, serial_shops, shop, roderic_batcave
D:5:      layout_gridville
D:6:      minmay_inner_zag, layout_basic, cheibrodos_worm_habitat,
          minmay_temple_entry_statues_fountains
D:7:      layout_loops_corners, lemuel_coloured_pillars_altar,
          makhleb_grotto_becter, monkooky_shop_mail_order
D:8:      layout_cave_pools, nicolae_overflow_quartered_altars
D:9:      layout_loops_cross, lemuel_crystal_altar, orc_0_dummy, uniq_joseph
D:10:     layout_gridville, kennysheep_mini, nicolae_trove_entry_columns,
          hangedman_misty_isle
D:11:     layout_rooms, lair_entry_dummy, serial_bayou_lake_a
D:12:     layout_roguey, gammafunk_ghost_hive, serial_demonic, serial_demonic_d,
          serial_demonic_c, serial_demonic_e, serial_demonic_d
D:13:     layout_roguey, erik_vaults_2
D:14:     layout_rooms, uniq_snorg
D:15:     hellmonk_depths_entry_around_the_bend, layout_loops_ring,
          nicolae_ashenzari_skybound, minivault_25_ag
Lair:1:   layout_long_grid

Skill      XL: |  1  2  3  4  5  6  7  8  9 10 11 12 13 |
---------------+----------------------------------------+-----
Hexes          | 1 2 3 4 |  4.5
Armour         | 1 2 3 4 5 |  5.6
Spellcasting   | 2 3 |  3.9
Fighting       | 3 4 5 6 |  6.8
Stealth        | 1 2 |  2.8
Throwing       | 1 2 3 |  3.4
Dodging        | 2 3 4 |  4.4
Axes           | 5 6 7 9 12 14 16 | 16.0
Invocations    | 2 7 10 13 15 16 | 16.3
Shields        | 2 5 7 8 |  8.1
Conjurations   | |  3.1

Action                     |  1- 3 |  4- 6 |  7- 9 | 10-12 | 13-15 || total
---------------------------+-------+-------+-------+-------+-------++-------
  Melee: Hand axe          |   176 |    31 |       |       |       ||   207
         Punch             |     1 |     2 |    14 |     3 |       ||    20
         Dagger            |       |   166 |   531 |       |       ||   697
         War axe           |       |       |    81 |   461 |   134 ||   676
         Morningstar       |       |       |       |       |     4 ||     4
   Fire: Sling             |     1 |     4 |       |       |       ||     5
  Throw: Boomerang         |     3 |     3 |    17 |    24 |     9 ||    56
         Dart              |       |     8 |    21 |     9 |       ||    38
   Cast: Slow              |     3 |    16 |    26 |    51 |     9 ||   105
         Confusing Touch   |       |     5 |    14 |    13 |     3 ||    35
         Sigil of Binding  |       |       |     2 |     1 |       ||     3
 Invoke: Convert to Beogh  |       |       |     1 |       |       ||     1
         Smiting           |       |       |       |    10 |     9 ||    19
    Use: Scroll            |       |       |       |    11 |     2 ||    13
         Potion            |       |       |       |       |     1 ||     1
   Stab: Sleeping          |       |     1 |     3 |       |       ||     4
         Confused          |       |       |     8 |    10 |     4 ||    22
         Distracted        |       |       |       |     2 |       ||     2
 Armour: Ring mail         |   114 |    31 |    57 |   337 |   169 ||   708
         Leather armour    |     2 |    89 |   370 |       |       ||   461
  Dodge: Dodged            |    76 |   102 |   321 |   242 |    60 ||   801
  Block: Buckler           |       |       |       |    90 |    27 ||   117

Table legend: (Time is in decaauts)
 A = Elapsed time spent in this place.
 B = Non-inter-level travel time spent in this place.
 C = Inter-level travel time spent in this place.
 D = Time resting spent in this place.
 E = Time spent auto-exploring this place.
 F = Levels seen in this place.
 G = Mean time per level.
                   A        B        C        D        E       F      G
               +--------+--------+--------+--------+--------+-----+--------+
         Total |  21270 |  18737 |   2533 |   6716 |   7752 |  16 | 1329.4 |
       Dungeon |  21241 |  18708 |   2533 |   6716 |   7752 |  15 | 1416.1 |
          Lair |     29 |     29 |      0 |      0 |      0 |   1 |   29.0 |
               +--------+--------+--------+--------+--------+-----+--------+

Top non-repeatable levels by time:
    D:11: 2325 daAuts
    D:13: 2114 daAuts
    D:12: 1688 daAuts
     D:6: 1676 daAuts
     D:5: 1531 daAuts
     D:7: 1453 daAuts
     D:9: 1412 daAuts
    D:14: 1408 daAuts
     D:3: 1342 daAuts
    D:10: 1201 daAuts
     D:8: 1185 daAuts
     D:1: 1011 daAuts
     D:4: 996 daAuts
     D:2: 955 daAuts
    D:15: 940 daAuts
